 Dungeon Crawl Stone Soup version 0.19.1 (webtiles) character file.

260 Idleism the Chopper (level 5, -1/46 HPs)
             Began as a Deep Dwarf Fighter on Dec 6, 2016.
             Was an Initiate of Makhleb.
             Killed by divine providence
             ... invoked by an orc priest
              (6 damage)
             ... on level 4 of the Dungeon.
             The game lasted 00:06:56 (2399 turns).

Idleism the Chopper (Deep Dwarf Fighter)            Turns: 2399, Time: 00:06:58

Health: -1/46      AC:  6    Str: 21    XL:     5   Next: 95%
Magic:  5/5        EV:  7    Int:  8    God:    Makhleb [......]
Gold:   176        SH:  9    Dex: 12    Spells: 0 memorised, 4 levels left

rFire  . . .     SeeInvis .     a - +0 war axe
rCold  . . .     Gourm    .     b - +0 scale mail
rNeg   . . .     Faith    .     c - +0 shield
rPois  .         Spirit   .     (no helmet)
rElec  .         Reflect  .     (no cloak)
rCorr  .         Harm     .     (no gloves)
MR     +....                    (no boots)
Stlth  ..........               (no amulet)
                                (no ring)
                                r - ring of protection from magic

@: non-regenerating
A: damage resistance, recharge devices, sense surroundings 1, slow regeneration
3
a: Device Recharging, Renounce Religion


You were on level 4 of the Dungeon.
You worshipped Makhleb.
Makhleb was noncommittal.
You were not hungry.

You visited 1 branch of the dungeon, and saw 4 of its levels.

You collected 176 gold pieces.

Inventory:

Hand Weapons
 a - a +0 war axe (weapon)
Missiles
 q - 3 poisoned tomahawks (quivered)
Armour
 b - a +0 scale mail (worn)
 c - a +0 shield (worn)
Jewellery
 r - a ring of protection from magic (left hand)
 w - a +2 ring of slaying {unknown}
Wands
 e - a wand of heal wounds (1/9)
 x - a wand of polymorph (14/24)
Scrolls
 g - 3 scrolls of noise {unknown}
 i - a scroll of teleportation {unknown}
 k - 3 scrolls of remove curse {unknown}
 m - a scroll of amnesia {unknown}
 n - a scroll of random uselessness {unknown}
 p - 6 scrolls of identify {unknown}
 s - a scroll of enchant armour {unknown}
 u - a scroll of blinking {unknown}
Potions
 d - 3 potions of might
 h - a potion of mutation {unknown}
 l - a potion of degeneration {unknown}
 o - 2 potions of curing {unknown}
 v - a potion of flight {unknown}
Comestibles
 f - 4 bread rations
 j - 18 fruits
 t - 2 chunks of flesh


   Skills:
 - Level 2.7 Fighting
 + Level 6.8 Axes
 - Level 3.3 Armour
 - Level 3.2 Shields


You had 4 spell levels left.
You didn't know any spells.

Dungeon Overview and Level Annotations

Branches:
Dungeon (4/15)
 Temple: D:4-7

Altars:
Makhleb

Shops:
D:4 %

Annotations:
D:4 Azzok's ghost, novice SpEn


Innate Abilities, Weirdness & Mutations

You are resistant to damage.
You can recharge devices by infusing magical energy.
You passively map a small area around you.
You do not regenerate.


Message History

You closely miss the orc priest.
The orc priest is lightly wounded.
The orc priest hits you with a mace.
You slash the orc priest!
The orc priest is heavily wounded.
The orc priest hits you with a mace.
The orc priest calls down the wrath of Beogh upon you.
Beogh smites you!
You hit the orc priest.
The orc priest is almost dead.
The orc priest mumbles some strange prayers to Beogh against you.
Beogh smites you!
You barely miss the orc priest.
The orc priest is almost dead.
The orc priest mumbles some strange prayers to Beogh against you.
Beogh smites you!
* * * LOW HITPOINT WARNING * * *
The orc priest mumbles some strange prayers to Beogh against you.
Beogh smites you!
You die...

, * . #.#
, * #.# ,
* * #.#
#.# ** *
#######.#
*
#.......#
#.#######
#.# #@#
#o# #o# *
#o# , ..#
* ###


You could see 2 orc priests and an orc.

Vanquished Creatures
  2 orc wizards (D:3)
  An orc priest (D:4)
  An iguana (D:4)
  A worker ant (D:4)
  6 adders
  2 adder skeletons (D:4)
  2 worms (D:3)
  2 dart slugs
  A leopard gecko (D:3)
  3 orcs
  A ball python (D:1)
  A giant cockroach (D:4)
  4 goblins
  2 hobgoblins (D:2)
  3 jackals (D:2)
  10 kobolds
  4 quokkas
  8 bats
  A frilled lizard (D:3)
  A quokka skeleton (D:4)
  6 rats
62 creatures vanquished.

Notes
Turn   | Place    | Note
-------+----------+-------------------------------------------
     0 | D:1      | Idleism the Deep Dwarf Fighter began the quest for the Orb.
     0 | D:1      | Reached XP level 1. HP: 20/20 MP: 1/1
   256 | D:1      | Reached XP level 2. HP: 24/27 MP: 2/2
   372 | D:1      | Reached skill level 3 in Axes
  1010 | D:2      | Reached XP level 3. HP: 24/33 MP: 3/3
  1054 | D:2      | Reached skill level 4 in Axes
  1404 | D:3      | Reached XP level 4. HP: 37/40 MP: 4/4
  1531 | D:3      | Reached skill level 5 in Axes
  1562 | D:3      | Reached XP level 5. HP: 40/46 MP: 5/5
  1905 | D:3      | Found a burning altar of Makhleb.
  1913 | D:3      | Became a worshipper of Makhleb the Destroyer
  2080 | D:4      | Noticed Azzok's ghost (novice SpEn)
  2182 | D:4      | Reached skill level 6 in Axes
  2203 | D:4      | Found Zousyffi's Food Shop.
  2390 | D:4      | HP: 1/46 [orc priest/divine providence (13)]
  2399 | D:4      | Killed from afar by an orc priest

Skill      XL: |  1  2  3  4  5 |
---------------+----------------+-----
Axes           | 3 4 5 6 |  6.8
Fighting       | |  2.7
Armour         | |  3.3
Shields        | |  3.2

Action                   |  1- 3 |  4- 6 || total
-------------------------+-------+-------++-------
Melee: War axe           |   139 |   121 ||   260
Evoke: Wand              |     1 |     3 ||     4
  Eat: Chunk             |     2 |     3 ||     5
Armor: Scale mail        |    81 |    46 ||   127
Dodge: Dodged            |    57 |    18 ||    75
Block: Shield            |    81 |    44 ||   125
